 Dungeon Crawl Stone Soup version 0.16.2-12-gd0ad4c3 (webtiles) character file.

158 BLOAX the Insei (level 5, -2/25 HPs)
             Began as a Vine Stalker Transmuter on Sept 27, 2015.
             Was an Initiate of Cheibriados.
             Slain by an iron imp (3 damage)
             ... summoned by Eustachio
             ... on level 4 of the Dungeon.
             The game lasted 00:04:23 (914 turns).

BLOAX the Insei (Vine Stalker Transmuter)            Turns: 914, Time: 00:04:23

Health: -2/25      AC:  7    Str: 14    XL:     5   Next: 40%
Magic:  0/15       EV:  9    Int: 14    God:    Cheibriados [......]
Gold:   22         SH:  0    Dex: 16    Spells: 2 memorised, 8 levels left

rFire  . . .     SeeInvis .       - Unarmed
rCold  . . .     Clarity  .     j - +0 scale mail
rNeg   . . .     SustAb   .     (no shield)
rPois  .         Gourm    .     n - +0 helmet
rElec  .         Spirit   +     (no cloak)
rCorr  .         Warding  .     (no gloves)
rMut   .         Stasis   .     (no boots)
MR     .....                    (no amulet)
Stlth  ..........               (no ring)
                                (no ring)

@: very slow, not resistant to hostile enchantments, extremely unstealthy
A: fangs 2, regeneration 1, magic shield, antimagic bite, no device heal 3, rot
immunity
a: Bend Time, Renounce Religion


You were on level 4 of the Dungeon.
You worshipped Cheibriados.
Cheibriados was noncommittal.
You were not hungry.

You visited 2 branches of the dungeon, and saw 5 of its levels.

You collected 22 gold pieces.


Innate Abilities, Weirdness & Mutations

You have extremely sharp teeth.
Your natural rate of healing is unusually fast.
When hurt, damage is shared between your health and your magic reserves.
Your bite disrupts and absorbs the magic of your enemies.
Potions and wands cannot restore your health.
You are immune to rotting.


   Skills:
 - Level 0.8 Fighting
 - Level 1.5 Dodging
 + Level 4.6 Unarmed Combat
 + Level 4.1 Spellcasting
 - Level 2.0 Transmutations


You had 8 spell levels left.
You knew the following spells:

 Your Spells              Type           Power        Failure   Level  Hunger
a - Beastly Appendage     Trmt           #.....       38%         1    None
b - Spider Form           Trmt/Pois      #.........   98%         3    ###....


Dungeon Overview and Level Annotations

Branches:
Dungeon (4/15)             Temple (1/1) D:4

Altars:
Cheibriados
Fedhas
Gozag
Nemelex Xobeh
Qazlal
Trog
Vehumet
Xom
Zin

Shops:
D:4 [(((

Annotations:
D:4 Eustachio

Inventory:

Missiles
 b - 43 arrows
Armour
 j - a +0 scale mail (worn)
   (You found it on level 2 of the Dungeon)
 n - a +0 helmet (worn)
   (You found it on level 3 of the Dungeon)
Jewellery
 k - an uncursed ring of ice
   (You found it on level 3 of the Dungeon)
Magical devices
 l - a wand of draining (4)
   (You found it on level 3 of the Dungeon)
 t - a wand of magic darts (26)
   (You found it on level 4 of the Dungeon)
Scrolls
 e - a scroll of identify
 f - a scroll of noise {unknown}
 h - a scroll of magic mapping {unknown}
 s - a scroll of teleportation {unknown}
Potions
 c - a potion of ambrosia {unknown}
 i - a potion of haste {unknown}
 m - a potion of might {unknown}
 o - 2 potions of curing {unknown}
 q - a potion of magic {unknown}
Books
 d - a book of Changes

   Spells                             Type                      Level
   a - Beastly Appendage              Transmutation                1
   b - Sticks to Snakes               Transmutation                2
   c - Spider Form                    Transmutation/Poison         3
   d - Ice Form                       Ice/Transmutation            4
   e - Blade Hands                    Transmutation                5
Comestibles
 a - 2 bread rations
 r - a meat ration

###......########
.. ####......# ##
...####.....#..##
#.
............##.#
#.
.............#.#
#.
.###............#
.....
.(......b.........
...##.
.......#b5b.....##
## #.
......#@@¤......
.. ###.#
#r5¤.#.#.. #.. #..
¤5¤¤.#... ... #
~#....... .
~~~#.###... ~\
...# .. ~~~ ~ .. ~
~. .. # #


You could see Eustachio, an iron imp, a quasit, a river rat, an ufetubus and 3
bats.


Message History

You hit the giant newt.
You kill the giant newt!
Cheibriados appreciates the change of pace.
The bat barely misses you.
The river rat bites you but does no damage.
The jackal bites you.
Unknown command.
You closely miss the jackal. The bat hits you but does no damage.
The river rat bites you! The jackal closely misses you.
The rat closely misses you.
Unknown command.
You barely miss the jackal. The jackal closely misses you.
The river rat misses you. The rat bites you but does no damage.
The bat hits you but does no damage.
Unknown command.
You hit the jackal.
You kill the jackal!
Cheibriados appreciates the change of pace.
The bat hits you but does no damage. The river rat bites you.
The rat bites you but does no damage.
Unknown command.
Unknown command.
You barely miss Eustachio. The bat hits you but does no damage.
The river rat misses you. The rat bites you but does no damage.
Unknown command.
You barely miss Eustachio. You bite Eustachio, but do no damage.
The bat barely misses you. Eustachio misses you. The river rat bites you.
The rat barely misses you.
Unknown command.
You miss Eustachio. The bat closely misses you.
Eustachio mumbles some strange words.
The river rat bites you.
* * * LOW HITPOINT WARNING * * *
The rat bites you but does no damage.
Unknown command.
You hit Eustachio but do no damage. You bite Eustachio.
Eustachio's magic leaks into the air.
You drain his magic.
You feel invigorated.
Eustachio is lightly wounded.
The bat barely misses you. Eustachio hits you with a rapier.
* * * LOW HITPOINT WARNING * * *
The river rat bites you but does no damage.
The rat barely misses you.
You closely miss Eustachio.
Eustachio is lightly wounded.
The bat completely misses you. The iron imp hits you.
* * * LOW HITPOINT WARNING * * *
Eustachio hits you but does no damage. The river rat bites you.
* * * LOW HITPOINT WARNING * * *
The rat bites you but does no damage.
Unknown command.
Read which item? (? for menu, Esc to quit)
As you read the scroll labeled XOADANEYRCH, it crumbles to dust.
The scroll dissolves into smoke.
It was a scroll of fog.
The bat barely misses you. The iron imp hits you!
* * * LOW HITPOINT WARNING * * *
Eustachio casts a spell.
The river rat barely misses you. The rat bites you but does no damage.
Unknown command.
Read which item? (? for menu, Esc to quit)
Okay, then.
Drink which item? (? for menu, Esc to quit)
Okay, then.
Enter note: rip Read which item? (? for menu, Esc to quit)
As you read the scroll labeled AQOAHIU PNYUF, it crumbles to dust.
You feel blessed for a moment.
It was a scroll of remove curse.
The bat hits you but does no damage. The bat barely misses you.
Eustachio hits you but does no damage. The iron imp hits you.
You die...

Action                   |  1- 3 |  4- 6 || total
-------------------------+-------+-------++-------
Melee: Unarmed           |   112 |    67 ||   179
 Cast: Beastly Appendage |     1 |       ||     1
  Use: Scroll            |     1 |     2 ||     3
  Eat: Beef jerky        |     1 |       ||     1

Vault maps used:
D:1:      roderic_dead_forest
D:2:      minmay_door_path, tso_metal_star, lemuel_doored_altar,
          grunt_dithmenos_smoke_and_mirrors, grunt_ministairs_12
D:3:      lemuel_crystal_altar, grunt_ministairs_15
D:4:      minmay_temple_entry_glass, serial_shops, shop, shop_fountains, shop,
          nicolae_shop_waterfront, shop_fountains, uniq_eustachio
Temple:   circular_temple_12

Notes
Turn   | Place    | Note
--------------------------------------------------------------
     0 | D:1      | BLOAX, the Vine Stalker Transmuter, began the quest for the Orb.
     0 | D:1      | Reached XP level 1. HP: 9/9 MP: 3/3
    91 | D:1      | Reached XP level 2. HP: 12/14 MP: 6/6
   246 | D:2      | Found a radiant altar of Vehumet.
   348 | D:2      | Reached XP level 3. HP: 9/17 MP: 5/7
   424 | D:3      | Reached skill level 3 in Spellcasting
   529 | D:3      | Learned a level 3 spell: Spider Form
   552 | D:3      | Found an opulent altar of Gozag.
   616 | D:3      | Reached skill level 4 in Unarmed Combat
   675 | D:3      | Reached XP level 4. HP: 17/21 MP: 8/10
   737 | D:4      | Found a staircase to the Ecumenical Temple.
   745 | Temple   | Entered the Ecumenical Temple
   757 | Temple   | Became a worshipper of Cheibriados the Contemplative
   805 | Temple   | HP: 5/21 [iguana (5)]
   807 | Temple   | Reached XP level 5. HP: 5/25 MP: 8/14
   836 | D:4      | Reached skill level 4 in Spellcasting
   857 | D:4      | Found Rehuloq's Weapon Shop.
   873 | D:4      | Found Zajona's Antique Weapon Shoppe.
   886 | D:4      | Found Wuddamm's Antique Weapon Boutique.
   894 | D:4      | Found Graud's Antique Armour Boutique.
   895 | D:4      | Noticed Eustachio
   912 | D:4      | HP: 6/25 [river rat[Eustachio] (1)]
   913 | D:4      | HP: 1/25 [iron imp[Eustachio] (5)]
   914 | D:4      | rip
   914 | D:4      | Slain by an iron imp

Vanquished Creatures
  A centaur skeleton (D:4)
  An iguana (Temple)
  A worker ant (Temple)
  3 adders
  A giant mite (D:3)
  A giant gecko (D:2)
  9 orcs (D:3)
  4 bats
  A giant cockroach (D:4)
  A goblin (D:1)
  2 hobgoblins (D:1)
  6 jackals
  A kobold (D:3)
  A quokka (D:3)
  2 giant newts
  3 rats
38 creatures vanquished.

Vault maps used:
D:1:      roderic_dead_forest
D:2:      minmay_door_path, tso_metal_star, lemuel_doored_altar,
          grunt_dithmenos_smoke_and_mirrors, grunt_ministairs_12
D:3:      lemuel_crystal_altar, grunt_ministairs_15
D:4:      minmay_temple_entry_glass, serial_shops, shop, shop_fountains, shop,
          nicolae_shop_waterfront, shop_fountains, uniq_eustachio
Temple:   circular_temple_12
